 Dungeon Crawl Stone Soup version 0.29-a0-341-g24ffce5b50 (webtiles) character file.

Game seed: 17131445873525054115

169 Cecur the Caller (level 5, -6/35 HPs)
             Began as a Demonspawn Summoner on Apr 20, 2022.
             Mangled by a polar bear (18 damage)
             ... created by the rage of Trog
             ... on level 3 of the Dungeon on Apr 21, 2022.
             The game lasted 00:12:12 (3562 turns).

Cecur the Caller (Demonspawn Summoner)              Turns: 3562, Time: 00:12:13

Health: -6/35      AC:  6    Str: 16    XL:     5   Next: 25%
Magic:  7/10       EV: 12    Int: 18    God:
Gold:   130        SH:  4    Dex: 13    Spells: 4/10 levels left

rFire   . . .      SeeInvis +   k - +7 mace of the Ninety-Nine Knives {vorpal, Str+7}
rCold   . . .      Faith    .   (no shield)
rNeg    . . .      Spirit   .   a - +0 robe
rPois   +          Reflect  .   (helmet restricted)
rElec   .          Harm     .   (no cloak)
rCorr   .          Rampage  .   m - +1 Delatra's gloves {ID++}
Will    .....                   (no boots)
Stlth   ++........              (no amulet)
HPRegen 0.11/turn               e - ring of poison resistance
MPRegen 0.12/turn               f - ring of see invisible

@: no status effects
A: antennae 2, slimy green scales 1, condensation shield
a: no special abilities


You were on level 3 of the Dungeon.
You visited 1 branch of the dungeon, and saw 3 of its levels.

You collected 130 gold pieces.

Inventory:

Hand Weapons
 k - the +7 mace of the Ninety-Nine Knives (weapon) {vorpal, Str+7}
   (You found it on level 2 of the Dungeon)

   It inflicts extra damage upon your enemies.
   Str:       It affects your strength (+7).
Armour
 a - a +0 robe (worn)
 m - the +1 Delatra's gloves (worn) {ID++}
   (You found it on level 2 of the Dungeon)

   It heals its wearer when they drink unknown potions.
   It restores its wearer's MP when they read unknown scrolls.
Jewellery
 e - a ring of poison resistance (left hand)
 f - a ring of see invisible (right hand)
 n - an amulet of faith
Scrolls
 d - 5 scrolls of identify {unknown}
 i - a scroll of teleportation {unknown}
 j - a scroll of magic mapping {unknown}
 l - a scroll of immolation {unknown}
Potions
 b - 2 potions of magic
 c - a potion of invisibility {unknown}
 g - a potion of heal wounds {unknown}
 h - 2 potions of ambrosia {unknown}


   Skills:
 - Level 0.1 Fighting
 + Level 0.2 Maces & Flails
 - Level 1.9 Dodging
 - Level 2.0 Stealth
 * Level 3.4 Spellcasting
 * Level 5.3 Summonings
 + Level 0.2 Evocations


You had 4 spell levels left.
You knew the following spells:

 Your Spells              Type           Power      Damage    Failure   Level
a - Summon Small Mammal   Summ           88%        N/A       1%          1
b - Call Imp              Summ           22%        N/A       2%          2
c - Call Canine Familiar  Summ           22%        N/A       5%          3

Your spell library contained the following spells:

 Spells                   Type           Power      Damage    Failure   Level
 Animate Skeleton         Necr           6%         N/A       16%         1
 Magic Dart               Conj           12%        1d3       16%         1
 Pain                     Necr           12%        1d4       16%         1
 Summon Guardian Golem    Hex/Summ       12%        N/A       16%         3
 Ensorcelled Hibernation  Hex/Ice        6%         N/A       24%         2
 Passwall                 Tmut/Erth      2%         N/A       24%         2
 Searing Ray              Conj           6%         2d4       24%         2
 Frozen Ramparts          Ice            6%         1d2       43%         3
 Swiftness                Air            3%         N/A       43%         3
 Vampiric Draining        Necr           3%         2d6       43%         3
 Summon Ice Beast         Ice/Summ       12%        N/A       45%         4
 Summon Lightning Spire   Summ/Air       12%        N/A       45%         4
 Fulminant Prism          Conj/Hex       1%         3d6       83%         4
 Ice Form                 Ice/Tmut       3%         N/A       83%         4


Dungeon Overview and Level Annotations

Branches:
Dungeon (3/15)

Altars:
Trog
Uskayaw


Innate Abilities, Weirdness & Mutations

You have a pair of antennae on your head.
You are partially covered in slimy green scales. (AC +2)
A meltable shield of frost defends you. (SH +4)


Message History

The polar bear bites you! The polar bear claws you. The polar bear misses you.
The black bear closely misses your hound. x2
The black bear barely misses your hound.
The polar bear rages.
The kobold completely misses your bat.
Your hound bites the polar bear but does no damage.
The polar bear bites your hound!
The polar bear barely misses your hound.
The polar bear claws your hound.
Your hound dies!
Your hound's corpse disappears in a puff of smoke!
The polar bear closely misses you. x3; The polar bear misses you.
The polar bear claws you. x2
A ball python comes into view.
The ball python hisses angrily.
Your bat misses the kobold.
Your bat closely misses the kobold. x2
The polar bear closely misses your quokka.
The polar bear claws your quokka. x2
Your quokka dies!
Your quokka's corpse disappears in a puff of smoke!
Your crimson imp barely misses the kobold.
The kobold hits your bat with a +0 whip.
Your bat dies!
Your bat's corpse disappears in a puff of smoke!
The kobold shouts!
The polar bear misses you. The polar bear closely misses you.
The polar bear completely misses you.
The polar bear rages.
Your crimson imp barely misses the kobold.
The polar bear rages.
The polar bear bites you. You block the polar bear's attack.
The polar bear closely misses you.
The polar bear rages.
Found 6 gold pieces.
The polar bear rages.
Your crimson imp hits the kobold but does no damage.
There is a stone staircase leading up here.
The polar bear bites you!!
Ouch! That really hurt!
You die...

# .....$ # ##.... #
#..... ## ...S. .# .
...##### .# #.#
#.....##.#### ##.#
#.h.#.##......##.#
#@hh#.##..###.##..
..#Khh......!.......
#...5....#.....#.###.
##.........##.##.# #.
.................# #.
####=...[#####..#####.
#.....+!...........
#.....######.......
#.....# ###.#####


You could see 4 polar bears, a black bear (berserk), a ball python, a kobold
(ally target) and a friendly crimson imp (summoned).

Vanquished Creatures
  An adder (D:3)
  A ball python (D:2)
  A goblin (D:2)
  A hobgoblin (D:2)
  5 jackals (D:3)
  A quokka (D:3)
  3 bats (D:3)
  2 rats
15 creatures vanquished.

Vanquished Creatures (collateral kills)
  A scorpion (D:2)
  4 adders
  2 worms
  2 dart slugs (D:1)
  An orc (D:3)
  4 endoplasms
  A giant cockroach (D:1)
  A hobgoblin (D:1)
  3 jackals (D:3)
  A quokka (D:2)
  4 ball pythons
  5 bats (D:1)
  3 frilled lizards
  3 goblins (D:1)
  4 kobolds
  6 rats
45 creatures vanquished.

Grand Total: 60 creatures vanquished

Notes
Turn   | Place    | Note
-------+----------+-------------------------------------------
     0 | D:1      | Cecur the Demonspawn Summoner began the quest for the Orb.
     0 | D:1      | Reached XP level 1. HP: 13/13 MP: 3/3
   547 | D:1      | Gained mutation: You have a pair of small antennae on your
                  | head. [demonic ancestry]
   547 | D:1      | Reached XP level 2. HP: 19/19 MP: 1/5
  1648 | D:2      | Gained mutation: You are partially covered in slimy green
                  | scales. (AC +2) [demonic ancestry]
  1648 | D:2      | Reached XP level 3. HP: 4/24 MP: 4/6
  1930 | D:2      | Found a hide-covered altar of Uskayaw.
  1935 | D:2      | Noticed a scorpion
  2165 | D:2      | Killed a scorpion
  2166 | D:2      | Reached skill level 5 in Summonings
  2166 | D:2      | Gained mutation: You have a pair of antennae on your head.
                  | [demonic ancestry]
  2166 | D:2      | Reached XP level 4. HP: 24/30 MP: 2/8
  2423 | D:2      | Found a faded altar of an unknown god.
  2476 | D:2      | Learned a level 2 spell: Call Imp
  2480 | D:2      | Learned a level 3 spell: Call Canine Familiar
  2703 | D:2      | Identified the +7 mace of the Ninety-Nine Knives {vorpal,
                  | Str+7}
  2901 | D:2      | Found the +1 Delatra's gloves {ID++}
  2944 | D:2      | Prayed at the altar of an unknown god.
  2944 | D:2      | Became a worshipper of Trog the Wrathful
  2944 | D:2      | Reached * piety under Trog
  3019 | D:2      | Upgraded the game from 0.29-a0-340-g6efceafd81 to
                  | 0.29-a0-341-g24ffce5b50
  3067 | D:3      | Fell from the grace of Trog
  3156 | D:3      | Gained mutation: A meltable shield of frost defends you.
                  | (SH +4) [demonic ancestry]
  3156 | D:3      | Reached XP level 5. HP: 35/35 MP: 9/9
  3557 | D:3      | Noticed a black bear
  3557 | D:3      | Noticed a polar bear
  3557 | D:3      | Noticed a polar bear
  3557 | D:3      | Noticed a polar bear
  3557 | D:3      | Noticed a polar bear
  3562 | D:3      | Mangled by a polar bear

Illustrated notes

Levels and vault maps discovered:
D:1:      lemuel_arrival_funnel, layout_loops_ring
D:2:      layout_loops_ring, basic_ecumenical_altar, basic_altar,
          minmay_tetromino_s2
D:3:      layout_basic

Skill      XL: |  1  2  3 |
---------------+----------+-----
Stealth        | 2 |  2.0
Spellcasting   | 3 |  3.4
Summonings     | 5 |  5.3
Fighting       | |  0.1
Maces & Flails | |  0.2
Dodging        | |  1.9
Evocations     | |  0.2

Action                   |  1- 3 |  4- 6 || total
-------------------------+-------+-------++-------
Melee: Unarmed           |    20 |     4 ||    24
       Punch             |     1 |       ||     1
       Mace              |       |    30 ||    30
 Cast: Summon Small Mamm |    82 |    41 ||   123
       Call Imp          |       |     5 ||     5
       Call Canine Famil |       |     4 ||     4
Invok: Renounce Religion |       |     1 ||     1
 Stab: Sleeping          |       |     1 ||     1
Armor: Robe              |    23 |    23 ||    46
Dodge: Dodged            |    45 |    50 ||    95
Block: Other             |       |     8 ||     8

Table legend: (Time is in decaauts)
 A = Elapsed time spent in this place.
 B = Non-inter-level travel time spent in this place.
 C = Inter-level travel time spent in this place.
 D = Time resting spent in this place.
 E = Time spent auto-exploring this place.
 F = Levels seen in this place.
 G = Mean time per level.
                   A        B        C        D        E       F      G
               +--------+--------+--------+--------+--------+-----+--------+
         Total |   3571 |   3507 |     64 |    242 |   2504 |   3 | 1190.3 |
       Dungeon |   3571 |   3507 |     64 |    242 |   2504 |   3 | 1190.3 |
               +--------+--------+--------+--------+--------+-----+--------+

Top non-repeatable levels by time:
     D:1: 1635 daAuts
     D:2: 1420 daAuts
     D:3: 516 daAuts
